 Dungeon Crawl Stone Soup version 0.31-a0-965-g8a8ce12e04 (webtiles) character file.

Game seed: 11514773422908339641

55560 promet the Thaumaturge (level 14, -5/98 HPs)
             Began as a Gnoll Hedge Wizard on Oct 24, 2023.
             Was the Champion of Hepliaklqana.
             Slain by an Executioner (12 damage)
             ... on level 1 of the Abyss on Oct 26, 2023.
             The game lasted 03:24:27 (27223 turns).

promet the Thaumaturge (Gnoll Hedge Wizard)        Turns: 27223, Time: 03:24:28

Health: -5/98      AC: 16    Str: 10    XL:     14   Next: 77%
Magic:  34/39      EV: 16    Int: 18    God:    Hepliaklqana [******]
Gold:   1617       SH:  5    Dex: 12    Spells: 5/37 levels left

rFire   . . .        a - +2 great sword (elec)
rCold   . . .        (shield currently unavailable)
rNeg    . . .        L - +2 steam dragon scales
rPois   .            k - +1 hat
rElec   .            x - +0 cloak
rCorr   .            (no gloves)
SInv    .            B - +3 pair of seven-league boots {Rampage+∞}
Will    +....        U - amulet of reflection
Stlth   ++++         e - +4 ring of slaying
HPRegen 0.36/turn    W - ring of magical power
MPRegen 0.26/turn

%: reflection, rampage+∞
@: on blink cooldown
A: reduced essence, fangs 1, strong nose, distributed training, screaming 1
a: Renounce Religion, Recall Ancestor, Ancestor Identity, Transference, Idealise


You were on level 1 of the Abyss.
You worshipped Hepliaklqana.
Hepliaklqana was exalted by your worship.
You visited 4 branches of the dungeon, and saw 20 of its levels.
You visited the Abyss 1 time.

You collected 1821 gold pieces.
You spent 204 gold pieces at shops.

Inventory:

Hand Weapons
 a - a +2 great sword of electrocution (weapon)
 b - a +2 shortbow
 c - a +2 short sword of venom
 d - a +2 scythe of venom
 t - a +2 rapier of draining
 z - a +0 flail of protection
Missiles
 h - 23 poisoned darts
 p - 8 boomerangs (quivered)
 D - 3 silver javelins
Armour
 k - a +1 hat (worn)
 x - a +0 cloak (worn)
 B - the +3 pair of seven-league boots (worn) {Rampage+∞}
   (You found it on level 4 of the Lair of Beasts)

   Rampage+∞: When moving toward enemies, its wearer moves as far as possible,
   alerting their target en route.
 L - +2 steam dragon scales (worn)
Magical Staves
 X - a staff of death
Jewellery
 e - a +4 ring of slaying (left hand)
 l - a +6 ring of dexterity
 n - a ring of poison resistance
 o - a +4 ring of slaying
 u - a ring of protection from fire
 J - a ring of willpower
 M - an amulet of regeneration
 N - an amulet of guardian spirit
 T - a ring of ice
 U - an amulet of reflection (around neck)
 W - a ring of magical power (right hand)
Wands
 s - a wand of mindburst (22)
 A - a wand of light (23)
 Q - a wand of iceblast (13)
 V - a wand of digging (2)
Scrolls
 m - a scroll of immolation
 r - 2 scrolls of fog
 v - 3 scrolls of revelation
 w - a scroll of poison
 y - 2 scrolls of teleportation
 P - 2 scrolls of amnesia
 R - 2 scrolls of noise
 S - a scroll of silence
 Y - 4 scrolls of identify
Potions
 f - 4 potions of curing
 g - a potion of magic
 i - 3 potions of heal wounds
 C - a potion of invisibility
 F - 3 potions of lignification
 H - 2 potions of brilliance
 I - 2 potions of attraction
 K - a potion of enlightenment
 O - a potion of might
 Z - 2 potions of haste


   Skills:
 + Level 9.7 Fighting
 + Level 9.7 Short Blades
 + Level 9.7 Long Blades
 + Level 9.7 Axes
 + Level 9.7 Maces & Flails
 + Level 9.7 Polearms
 + Level 9.7 Staves
 + Level 9.7 Ranged Weapons
 + Level 9.7 Throwing
 + Level 9.7 Armour
 + Level 10.7 Dodging
 + Level 10.6 Stealth
 + Level 9.7 Shields
 + Level 9.7 Unarmed Combat
 + Level 12.0 Spellcasting
 + Level 8.4 Conjurations
 + Level 8.1 Hexes
 + Level 8.4 Summonings
 + Level 8.1 Necromancy
 + Level 8.4 Translocations
 + Level 8.1 Transmutations
 + Level 8.1 Fire Magic
 + Level 8.1 Ice Magic
 + Level 8.1 Air Magic
 + Level 8.1 Earth Magic
 + Level 8.1 Poison Magic
 + Level 10.5 Invocations
 + Level 9.7 Evocations
 + Level 8.9 Shapeshifting


You had 5 spell levels left.
You knew the following spells:

 Your Spells              Type           Power      Damage    Failure   Level
a - Magic Dart            Conj           100%       1d8       1%          1
b - Blink                 Tloc           82%        N/A       1%          2
c - Call Imp              Summ           82%        N/A       1%          2
d - Slow                  Hex            100%       N/A       1%          1
e - Mephitic Cloud        Conj/Pois/Air  40%        N/A       1%          3
f - Stone Arrow           Conj/Erth      80%        3d12      1%          3
g - Summon Ice Beast      Ice/Summ       40%        N/A       2%          4
h - Vampiric Draining     Necr           40%        2d8       1%          3
i - Arcjolt               Conj/Air       20%        1d30      6%          5
j - Silence               Hex/Air        20%        N/A       6%          5
k - Ignite Poison         Fire/Tmut/Pois 40%        N/A       1%          3

Your spell library contained the following spells:

 Spells                   Type           Power      Damage    Failure   Level
 Freeze                   Ice            100%       1d10      1%          1
 Necrotise                Necr           100%       1d9       1%          1
 Sandblast                Erth           80%        2d17      1%          1
 Cigotuvi's Dreadful Rot  Necr/Pois/Air  80%        N/A       1%          2
 Passwall                 Tmut/Erth      33%        N/A       1%          2
 Frozen Ramparts          Ice            80%        1d13      1%          3
 Hailstorm                Conj/Ice       40%        3d10      1%          3
 Passage of Golubria      Tloc           41%        N/A       1%          4
 Anguish                  Hex/Necr       20%        N/A       2%          4
 Brom's Barrelling Bould  Conj/Erth      40%        2d6       2%          4
 Dimensional Bullseye     Hex/Tloc       20%        N/A       2%          4
 Vhi's Electric Charge    Tloc/Air       80%        N/A       2%          4
 Agony                    Necr           40%        N/A       6%          5
 Summon Mana Viper        Hex/Summ       40%        N/A       6%          5
 Monstrous Menagerie      Summ           20%        N/A       86%         7
 Haunt                    Necr/Summ      20%        N/A       88%         7
 Borgnjor's Revivificati  Necr           20%        N/A       100%        8
 Lehudib's Crystal Spear  Conj/Erth      20%        10d6      100%        8
 Maxwell's Capacitive Co  Air            20%        ∞         100%        8
 Death's Door             Necr           20%        N/A       100%        9


Dungeon Overview and Level Annotations

Branches:
Dungeon (12/15)            Temple (1/1) D:4            Lair (5/5) D:10
 Spider (0/4) Lair:2        Slime (0/5) Lair:5          Orc (2/2) D:11
  Swamp: Lair:2-3    Shoals: Lair:2-3       Elf: Orc:2

Altars:
Ashenzari
Cheibriados
Dithmenos
Elyvilon
Fedhas
Gozag
Hepliaklqana
Kikubaaqudgha
Makhleb
Nemelex Xobeh
Okawaru
Qazlal
Ru
Sif Muna
Trog
Uskayaw
Vehumet
Wu Jian
Xom
Yredelemnul
Zin
The Shining One

Shops:
D:3 :   D:5 [   Orc:2 [

Annotations:
D:7 4 runed translucent doors, hattop's ghost, novice DrFi
Lair:2 1 runed translucent door, Jeek's ghost, journeyman GnBe
Lair:4 2 transporters, Osyvawk's ghost, journeyman DrMo


Innate Abilities, Weirdness & Mutations

Your life essence is reduced to manifest your ancestor. (-10% HP)
You have very sharp teeth.
Your uncanny sense of smell can sniff out nearby items.
Your experience applies equally to all skills.
You occasionally shout uncontrollably at your foes.


Message History

The puff of frost hits the Executioner but does no damage.
Press: ? - help, v - describe, . - travel
Here: an Executioner (fast, ally target)
The floor.
You can't see any item there. x2
Casting: Arcjolt (dangerous; 6% risk of failure)
Confirm with . or Enter, or press ? or * to list all spells.
A chill wind blows around you. You block the Executioner's attack.
The Executioner hits you but does no damage.
The Executioner completely misses you. You block the Executioner's attack.
The Executioner hits you but does no damage. x2
The Executioner hits you! The Executioner hits you.
The Executioner hits you but does no damage.
The Executioner hits you!!
The Executioner hits you but does no damage. x2
You block the Executioner's attack. The Executioner closely misses you.
The Executioner hits you but does no damage.
Damiana closely misses the Executioner.
The Executioner hits you!
* * * LOW HITPOINT WARNING * * *
The Executioner hits you but does no damage.
The Executioner hits you.
* * * LOW HITPOINT WARNING * * *
Your ice beast closely misses the Executioner.
You swap places.
The Executioner barely misses you. x2
The Executioner hits you but does no damage.
The Executioner hits you!!
* * * LOW HITPOINT WARNING * * *
The Executioner hits you but does no damage. x2
Damiana hits the Executioner with a +0 quarterstaff.
The Executioner hits you but does no damage. x3
Your ice beast barely misses the Executioner.
Casting: Summon Ice Beast (dangerous; 2% risk of failure)
Confirm with . or Enter, or press ? or * to list all spells.
You blink.
A blink frog comes into view.
Found a corrupted altar of Lugonu.
The blink frog gives a loud, deep croak!
You hear a loud, deep croak!
The Executioner hits you!
You die...

#3. #.# ## #.#
.### ##.##
.#.. ##.#3##
..# #
#.#...#.._...
#Y....#.#.~~~
#§..R...~~~≈≈
#...1@..~~≈≈~
#.......~~≈≈≈.
#.......~~≈~~.
##...#.#~~≈≈..
#....##.≈≈~#.
#...... .~≈~≈~
....F....
~~≈≈≈ .......
.~~~~


You could see the friendly Damiana the battlemage, an Executioner (fast, ally
target), a blink frog, a ynoxinul and a friendly ice beast (summoned).

Vanquished Creatures
  Snorg (Lair:3)
  Fannar (Lair:3)
  A hydra (Lair:4)
  2 catoblepae (Lair:5)
  2 two-headed ogres
  4 death yaks (Lair:5)
  A skyshark (Lair:5)
  Pikel (D:5)
  An orc sorcerer (Orc:2)
  A manticore (Lair:5)
  2 cyclopes
  An ugly thing (D:12)
  An orange demon (Lair:3)
  2 torpor snails (Lair:4)
  4 black mambas
  A cane toad (Lair:2)
  A gargoyle (D:12)
  2 rime drakes (Lair:4)
  2 komodo dragons (Lair:4)
  4 polar bears
  2 trolls
  Grinder (D:6)
  A tarantella (Lair:2)
  3 dream sheep (Lair:5)
  A glass eye (Lair:5)
  4 blink frogs
  2 slime creatures (D:12)
  A flying skull (Abyss:1)
  Sigmund (D:5)
  23 yaks
  2 wyverns
  A chaos spawn (Abyss:1)
  Edmund (D:5)
  2 large abominations (Abyss:1)
  An acid dragon (D:12)
  4 water moccasins
  A black bear (D:6)
  2 orc warriors (Orc:2)
  2 wolves (Lair:4)
  2 centaurs
  11 bullfrogs
  3 scorpions
  2 killer bees (D:7)
  A howler monkey (D:8)
  6 jellies
  A quasit (D:4)
  7 orc priests
  5 starcursed masses (Abyss:1)
  Ijyb (D:5)
  A gnoll bouda (D:6)
  Terence (D:2)
  2 iguanas (D:4)
  4 orc wizards
  Natasha (D:2)
  11 gnolls
  9 adders
  2 shadow imps (D:4)
  5 white imps
  3 ufetubi
  2 worms
  2 dart slugs
  19 orcs
  7 ball pythons
  4 bats
  8 endoplasms
  6 giant cockroaches
  7 goblins
  6 hobgoblins
  5 jackals
  2 quokkas (D:3)
  3 frilled lizards (D:1)
  5 kobolds
  7 rats
  A starspawn tentacle (Abyss:1)
252 creatures vanquished.

Vanquished Creatures (collateral kills)
  Rupert (Lair:3)
  A catoblepas (Lair:5)
  5 hydras
  2 boulder beetles
  A death yak (Lair:5)
  Amaemon (Lair:3)
  2 cyclopes (D:12)
  2 manticores
  An ugly thing (D:12)
  An elephant (Lair:4)
  3 large abominations (Abyss:1)
  An eye of devastation (Lair:5)
  An orc zombie (Abyss:1)
  4 black mambas
  6 cane toads
  2 gargoyles (D:12)
  An unseen horror (D:10)
  6 komodo dragons
  2 rime drakes (Lair:4)
  2 trolls (D:12)
  3 polar bears
  4 blink frogs
  3 dream sheep (Lair:5)
  A jumping spider (Lair:2)
  3 wyverns
  A slime creature (D:12)
  A wraith (D:10)
  44 yaks
  A ynoxinul (Abyss:1)
  2 steam dragons (D:10)
  2 basilisks
  2 acid dragons
  2 wargs
  7 water moccasins
  A black bear (D:6)
  5 sky beasts
  8 orc warriors
  3 ogres
  3 wolves (Lair:4)
  2 centaurs
  A phantom (D:7)
  7 bullfrogs
  A small abomination (Abyss:1)
  2 killer bees (D:7)
  An electric eel (Lair:2)
  6 orc priests
  A gnoll bouda (D:8)
  A hound (D:5)
  A jelly (D:6)
  A sleepcap (D:7)
  An iguana (D:5)
  6 orc wizards
  5 gnolls
  3 adders
  A white imp (D:7)
  2 ufetubi
  29 orcs
  A goblin (D:2)
  A hobgoblin (D:4)
214 creatures vanquished.

Vanquished Creatures (others)
  21 battlemagi
  An ancestor (D:5)
  6 starspawn tentacles (Abyss:1)
28 creatures vanquished.

Grand Total: 494 creatures vanquished

Notes
Turn   | Place    | Note
-------+----------+-------------------------------------------
     0 | D:1      | promet the Gnoll Hedge Wizard began the quest for the Orb.
     0 | D:1      | Reached XP level 1. HP: 13/13 MP: 8/8
    90 | D:1      | Found a faded altar of an unknown god.
   530 | D:1      | Reached XP level 2. HP: 19/19 MP: 10/10
   565 | D:1      | Learned a level 2 spell: Blink
   568 | D:1      | Learned a level 2 spell: Call Imp
   570 | D:1      | Learned a level 1 spell: Slow
  1070 | D:2      | Noticed Terence
  1100 | D:2      | Killed Terence
  1101 | D:2      | Reached skill level 1 in Invocations
  1101 | D:2      | Reached XP level 3. HP: 16/25 MP: 3/11
  1324 | D:2      | Reached skill level 1 in Fighting
  1324 | D:2      | Reached skill level 1 in Short Blades
  1324 | D:2      | Reached skill level 1 in Long Blades
  1324 | D:2      | Reached skill level 1 in Axes
  1324 | D:2      | Reached skill level 1 in Maces & Flails
  1324 | D:2      | Reached skill level 1 in Polearms
  1324 | D:2      | Reached skill level 1 in Staves
  1324 | D:2      | Reached skill level 1 in Ranged Weapons
  1324 | D:2      | Reached skill level 1 in Throwing
  1324 | D:2      | Reached skill level 1 in Armour
  1324 | D:2      | Reached skill level 1 in Shields
  1324 | D:2      | Reached skill level 1 in Unarmed Combat
  1324 | D:2      | Reached skill level 1 in Evocations
  1337 | D:2      | Reached XP level 4. HP: 30/32 MP: 13/13
  1455 | D:2      | Reached skill level 1 in Shapeshifting
  1711 | D:2      | Reached skill level 1 in Hexes
  1711 | D:2      | Reached skill level 1 in Necromancy
  1711 | D:2      | Reached skill level 1 in Transmutations
  1711 | D:2      | Reached skill level 1 in Fire Magic
  1711 | D:2      | Reached skill level 1 in Ice Magic
  1711 | D:2      | Reached skill level 1 in Air Magic
  1711 | D:2      | Reached skill level 1 in Earth Magic
  1711 | D:2      | Reached skill level 1 in Poison Magic
  1870 | D:2      | Noticed Natasha
  1883 | D:2      | Killed Natasha
  2218 | D:2      | Reached XP level 5. HP: 37/37 MP: 14/14
  2799 | D:3      | Noticed a phantom
  3384 | D:3      | Found Cekliph's Book Emporium.
  3929 | D:3      | Found a faded altar of an unknown god.
  3951 | D:3      | Found a shimmering blue altar of Sif Muna.
  4433 | D:4      | Found a staircase to the Ecumenical Temple.
  4473 | Temple   | Entered the Ecumenical Temple
  4545 | Temple   | Became a worshipper of Hepliaklqana the Forgotten
  5368 | D:4      | Reached XP level 6. HP: 42/44 MP: 13/16
  5842 | D:4      | Found a stormy altar of Qazlal.
  5908 | D:4      | Reached skill level 5 in Dodging
  6529 | D:4      | Reached XP level 7. HP: 50/50 MP: 18/18
  7306 | D:5      | Entered Level 5 of the Dungeon
  7348 | D:5      | Noticed Ijyb
  7353 | D:5      | Killed Ijyb
  7397 | D:5      | Reached * piety under Hepliaklqana
  7428 | D:5      | Found an opulent altar of Gozag.
  7442 | D:5      | Noticed Pikel
  7448 | D:5      | Noticed Sigmund
  7467 | D:5      | Killed Pikel
  7468 | D:5      | Reached skill level 5 in Stealth
  7468 | D:5      | Reached XP level 8. HP: 32/52 MP: 17/19
  7565 | D:5      | Killed Sigmund
  7821 | D:5      | Found an iron altar of Okawaru.
  7830 | D:5      | Found Yvur's Antique Armour Shop.
  7841 | D:5      | Bought a runed robe for 92 gold pieces
  8043 | D:5      | Noticed Edmund
  8067 | D:5      | Killed Edmund
  8068 | D:5      | Reached skill level 8 in Spellcasting
  8541 | D:6      | Noticed Grinder
  8542 | D:6      | Paralysed by Grinder for 4 turns
  8554 | D:6      | Killed Grinder
  8555 | D:6      | Reached XP level 9. HP: 52/58 MP: 19/21
  8760 | D:6      | Learned a level 3 spell: Mephitic Cloud
  8795 | D:6      | Found a sparkling altar of Nemelex Xobeh.
  9837 | D:6      | Reached ** piety under Hepliaklqana
  9838 | D:6      | Remembered your ancestor Damiana as a battlemage
  9840 | D:6      | Found a broken altar of Ashenzari.
 10065 | D:7      | Found a runed translucent door.
 10065 | D:7      | Noticed a sixfirhy
 10116 | D:7      | Found a runed translucent gate.
 10116 | D:7      | Found a runed translucent gate.
 10116 | D:7      | Found a runed translucent gate.
 10117 | D:7      | Noticed hattop's ghost (novice DrFi)
 10523 | D:7      | Reached skill level 5 in Invocations
 10613 | D:7      | Reached XP level 10. HP: 65/65 MP: 22/22
 10625 | D:7      | Reached skill level 5 in Fighting
 10625 | D:7      | Reached skill level 5 in Short Blades
 10625 | D:7      | Reached skill level 5 in Long Blades
 10625 | D:7      | Reached skill level 5 in Axes
 10625 | D:7      | Reached skill level 5 in Maces & Flails
 10625 | D:7      | Reached skill level 5 in Polearms
 10625 | D:7      | Reached skill level 5 in Staves
 10625 | D:7      | Reached skill level 5 in Ranged Weapons
 10625 | D:7      | Reached skill level 5 in Throwing
 10625 | D:7      | Reached skill level 5 in Armour
 10625 | D:7      | Reached skill level 5 in Shields
 10625 | D:7      | Reached skill level 5 in Unarmed Combat
 10625 | D:7      | Reached skill level 5 in Evocations
 10973 | D:8      | Reached skill level 9 in Spellcasting
 11182 | D:8      | Learned a level 3 spell: Stone Arrow
 11187 | D:8      | Learned a level 4 spell: Summon Ice Beast
 11232 | D:8      | Reached *** piety under Hepliaklqana
 11839 | D:8      | Reached skill level 5 in Conjurations
 11839 | D:8      | Reached skill level 5 in Summonings
 11839 | D:8      | Reached skill level 5 in Translocations
 12302 | D:9      | Reached skill level 5 in Shapeshifting
 13210 | D:10     | Entered Level 10 of the Dungeon
 13851 | D:10     | Found a staircase to the Lair.
 14089 | D:10     | Reached **** piety under Hepliaklqana
 14247 | D:10     | Reached XP level 11. HP: 72/72 MP: 24/24
 14517 | D:10     | Found a sacrificial altar of Ru.
 14518 | D:10     | Found a shadowy altar of Dithmenos.
 14521 | D:10     | Found a hide-covered altar of Uskayaw.
 14558 | D:10     | Upgraded the game from 0.31-a0-963-ga325b2283a to
                  | 0.31-a0-965-g8a8ce12e04
 14707 | D:10     | Reached skill level 5 in Hexes
 14707 | D:10     | Reached skill level 5 in Necromancy
 14707 | D:10     | Reached skill level 5 in Transmutations
 14707 | D:10     | Reached skill level 5 in Fire Magic
 14707 | D:10     | Reached skill level 5 in Ice Magic
 14707 | D:10     | Reached skill level 5 in Air Magic
 14707 | D:10     | Reached skill level 5 in Earth Magic
 14707 | D:10     | Reached skill level 5 in Poison Magic
 14753 | D:10     | Noticed a two-headed ogre
 14769 | D:10     | Killed a two-headed ogre
 14906 | Gauntlet | Identified the "Zituucwom"
 14906 | D:11     | Noticed a boulder beetle
 14916 | D:11     | Killed a boulder beetle
 14958 | D:11     | Noticed a cyclops
 14967 | D:11     | Killed a cyclops
 15060 | D:10     | Identified a scroll of acquirement
 15063 | D:12     | Identified the "Wituypp"
 15063 | Lair:1   | Entered Level 1 of the Lair of Beasts
 15447 | Lair:1   | Acquired an amulet of regeneration
 15921 | Lair:2   | Reached ***** piety under Hepliaklqana
 16066 | Lair:2   | Found a runed translucent door.
 16068 | Lair:2   | Noticed Jeek's ghost (journeyman GnBe)
 16070 | Lair:2   | Found a hole to the Spider Nest.
 16378 | Lair:2   | Learned a level 3 spell: Vampiric Draining
 16497 | Lair:2   | Identified the +2 trident of Xom's Generosity {pain, Str+3}
 16889 | Lair:3   | Found a shimmering altar of Xom.
 16988 | Lair:3   | Reached skill level 10 in Spellcasting
 17043 | Lair:3   | Reached XP level 12. HP: 81/81 MP: 12/26
 17163 | Lair:3   | Noticed Amaemon
 17176 | Lair:3   | Killed Amaemon
 17178 | Lair:3   | Noticed Snorg
 17188 | Lair:3   | Killed Snorg
 17209 | Lair:3   | Noticed Rupert
 17216 | Lair:3   | Paralysed by Rupert for 5 turns
 17602 | Lair:3   | Noticed Fannar
 17617 | Lair:3   | Killed Fannar
 19019 | Lair:4   | Noticed a four-headed hydra
 19025 | Lair:4   | Killed a four-headed hydra
 19057 | Lair:4   | Noticed a seven-headed hydra
 19064 | Lair:4   | Killed a seven-headed hydra
 19077 | Lair:4   | Noticed a boulder beetle
 19125 | Lair:3   | Paralysed by Rupert for 4 turns
 19137 | Lair:3   | Killed Rupert
 19154 | Lair:4   | Reached XP level 13. HP: 88/88 MP: 18/27
 19373 | Lair:4   | Reached skill level 11 in Spellcasting
 19428 | Lair:4   | Found the +3 pair of seven-league boots {Rampage+∞}
 19953 | Lair:4   | Found a burning altar of Makhleb.
 20081 | Lair:4   | Noticed Osyvawk's ghost (journeyman DrMo)
 20129 | Lair:4   | Found a transporter.
 20130 | Lair:4   | Found a bloodstained altar of Trog.
 20136 | Lair:4   | Found a transporter.
 20260 | Lair:5   | Entered Level 5 of the Lair of Beasts
 20648 | Lair:5   | Learned a level 5 spell: Arcjolt
 21229 | Lair:5   | Found a staircase to the Slime Pits.
 21300 | Lair:5   | Reached skill level 10 in Dodging
 21647 | Lair:5   | Reached XP level 14. HP: 95/95 MP: 27/29
 21763 | Lair:5   | Reached skill level 10 in Stealth
 22010 | Lair:5   | Learned a level 5 spell: Silence
 22247 | Lair:5   | Reached skill level 10 in Invocations
 23770 | D:11     | Found a staircase to the Orcish Mines.
 23887 | D:11     | You fall into a shaft and drop 1 floor!
 24361 | D:12     | Learned a level 3 spell: Ignite Poison
 24728 | D:12     | Found an opulent altar of Gozag.
 25096 | D:5      | Bought a cloak for 112 gold pieces
 25533 | Orc:1    | Entered Level 1 of the Orcish Mines
 25875 | Orc:2    | Entered Level 2 of the Orcish Mines
 26212 | Orc:2    | Found Wisiuteu's Antique Armour Shoppe.
 26250 | Orc:2    | Reached ****** piety under Hepliaklqana
 26745 | Abyss:1  | Cast into level 1 of the Abyss (Erolcha)
 26812 | Abyss:1  | Found a corrupted altar of Lugonu.
 26872 | Abyss:1  | Found a corrupted altar of Lugonu.
 26872 | Abyss:1  | Found a corrupted altar of Lugonu.
 26882 | Abyss:1  | Noticed a tentacled starspawn
 26890 | Abyss:1  | Noticed a tentacled starspawn
 27116 | Abyss:1  | Noticed a cacodemon
 27117 | Abyss:1  | Reached skill level 12 in Spellcasting
 27127 | Abyss:1  | Gained mutation: You occasionally shout uncontrollably at
                  | your foes. [a cacodemon]
 27133 | Abyss:1  | Noticed a tentacled starspawn
 27217 | Abyss:1  | Noticed an Executioner
 27223 | Abyss:1  | Found a corrupted altar of Lugonu.
 27223 | Abyss:1  | Slain by an Executioner

Illustrated notes

Levels and vault maps discovered:
D:1:      roderic_dead_forest, layout_basic, shapermc_ecumenical_altar_venn,
          minmay_3d_cube
D:2:      layout_loops_ring, fountainhead, uniq_terence, uniq_natasha
D:3:      layout_loops_ring, nicolae_overflow_ecumenical_swirl, serial_shops,
          nicolae_shop_window_shopping, serial_forest,
          infiniplex_forest_clump_double, infiniplex_forest_clump_double,
          infiniplex_forest_3_way, infiniplex_forest_corner_2,
          infiniplex_forest_lined_1, infiniplex_forest_clump_small
D:4:      layout_basic, nicolae_overflow_hidden_temple, temple_pool_b,
          serial_demonic, serial_demonic_a, serial_demonic_e, serial_demonic_c,
          serial_demonic_a, hangedman_decor_push
D:5:      layout_basic, overflow_temple_1_default,
          nicolae_overflow_crystal_walls, serial_shops, nicolae_shop_peninsula,
          uniq_ijyb, uniq_sigmund, uniq_pikel, uniq_edmund
D:6:      layout_cave_pools, nemelex_spade_bored_becter,
          nicolae_ashenzari_skybound, chequers_serial_rivers_micro_e,
          kennysheep_small_circle, uniq_grinder
D:7:      cheibrodos_shockbox, layout_cave_pools, gammafunk_ghost_split,
          chequers_serial_rivers_small_3, glass_columns_c
D:8:      layout_gridville
D:9:      layout_loops_ring
D:10:     layout_basic, grunt_temple_overflow_open, erik_lair_orcish_takeover,
          hangedman_misty_isle
D:11:     layout_rooms, orc_0_dummy, gauntlet_entry_generic
D:12:     layout_rooms, nicolae_sextant, grunt_gozag_statues
Temple:   dshaligram_water_room_temple
Lair:1:   layout_hall_layers
Lair:2:   layout_hall_layers, spider_nest_entry_rubble, gammafunk_ghost_grave,
          serial_bayou_lagoon_a
Lair:3:   cheibrodos_magma_flow, layout_cave_pods, minmay_swamp_entry_worms,
          basic_altar, grunt_megastairs_3, uniq_snorg, uniq_fannar,
          uniq_amaemon, uniq_rupert
Lair:4:   nzn_winding_woodlands_stair_trap [nzn_winding_woodlands_5x15_sawtooth,
          nzn_winding_woodlands_5x15_pool, nzn_winding_woodlands_5x15_parted,
          nzn_winding_woodlands_15x15_five_gardens,
          nzn_winding_woodlands_5x15_crooked, nzn_winding_woodlands_5x15_jagged,
          nzn_winding_woodlands_5x15_sidewinder], layout_misc_corridors,
          basic_altar, gammafunk_ghost_wrathful_warriors, hibernation_bobbens
Lair:5:   evilmike_catoblepas_cave, layout_regular_city,
          minmay_slime_entry_eyes, infiniplex_staircase_pool_2
Orc:1:    layout_diamond_mine
Orc:2:    grunt_orc_community_town_hall, layout_diamond_mine,
          grunt_orc_community_big_house_2, grunt_orc_community_big_house_2,
          grunt_orc_community_house_3, grunt_orc_community_house_1,
          grunt_orc_community_house_2, grunt_orc_community_house_2,
          grunt_orc_community_house_1, uniq_erolcha, uniq_saint_roka
Abyss:1:  base:
Lair:5

Skill      XL: |  1  2  3  4  5  6  7  8  9 10 11 12 13 14 |
---------------+-------------------------------------------+-----
Conjurations   | 2 3 4 5 6 7 8 |  8.4
Summonings     | 2 3 4 5 6 7 8 |  8.4
Translocations | 2 3 4 5 6 7 8 |  8.4
Invocations    | 1 2 3 4 5 6 7 8 9 10 | 10.5
Fighting       | 1 2 3 4 5 7 8 9 |  9.7
Short Blades   | 1 2 3 4 5 7 8 9 |  9.7
Long Blades    | 1 2 3 4 5 7 8 9 |  9.7
Axes           | 1 2 3 4 5 7 8 9 |  9.7
Maces & Flails | 1 2 3 4 5 7 8 9 |  9.7
Polearms       | 1 2 3 4 5 7 8 9 |  9.7
Staves         | 1 2 3 4 5 7 8 9 |  9.7
Ranged Weapons | 1 2 3 4 5 7 8 9 |  9.7
Throwing       | 1 2 3 4 5 7 8 9 |  9.7
Armour         | 1 2 3 4 5 7 8 9 |  9.7
Shields        | 1 2 3 4 5 7 8 9 |  9.7
Unarmed Combat | 1 2 3 4 5 7 8 9 |  9.7
Evocations     | 1 2 3 4 5 7 8 9 |  9.7
Shapeshifting  | 1 2 3 4 5 6 7 8 |  8.9
Hexes          | 1 2 3 4 5 6 7 8 |  8.1
Necromancy     | 1 2 3 4 5 6 7 8 |  8.1
Transmutations | 1 2 3 4 5 6 7 8 |  8.1
Fire Magic     | 1 2 3 4 5 6 7 8 |  8.1
Ice Magic      | 1 2 3 4 5 6 7 8 |  8.1
Air Magic      | 1 2 3 4 5 6 7 8 |  8.1
Earth Magic    | 1 2 3 4 5 6 7 8 |  8.1
Poison Magic   | 1 2 3 4 5 6 7 8 |  8.1
Dodging        | 5 6 7 8 9 10 | 10.7
Stealth        | 5 6 7 8 9 10 | 10.6
Spellcasting   | 8 9 10 11 12 | 12.0

Action                     |  1- 3 |  4- 6 |  7- 9 | 10-12 | 13-15 || total
---------------------------+-------+-------+-------+-------+-------++-------
  Melee: Dagger            |    60 |     4 |     8 |       |       ||    72
         Bite              |     7 |     4 |     8 |    15 |    23 ||    57
         Long sword        |       |    76 |    14 |       |       ||    90
         Punch             |       |     2 |       |       |     1 ||     3
         Halberd           |       |       |    48 |   114 |    32 ||   194
         Staff             |       |       |       |     9 |       ||     9
         Great sword       |       |       |       |       |   137 ||   137
         Rapier            |       |       |       |       |     7 ||     7
         Short sword       |       |       |       |       |     1 ||     1
   Fire: Sling             |       |    41 |   100 |    19 |       ||   160
         Shortbow          |       |       |       |   134 |   199 ||   333
  Throw: Dart              |     3 |       |       |       |       ||     3
         Boomerang         |       |     1 |     4 |     5 |     6 ||    16
   Cast: Magic Dart        |    16 |    81 |    18 |     6 |     6 ||   127
         Call Imp          |     3 |    18 |     5 |    30 |    16 ||    72
         Slow              |     1 |     5 |     5 |     7 |       ||    18
         Blink             |       |     2 |     1 |     3 |     5 ||    11
         Mephitic Cloud    |       |       |     2 |    10 |    12 ||    24
         Summon Ice Beast  |       |       |       |    32 |    21 ||    53
         Stone Arrow       |       |       |       |    11 |     9 ||    20
         Vampiric Draining |       |       |       |       |     3 ||     3
         Arcjolt           |       |       |       |       |    11 ||    11
 Invoke: Recall Ancestor   |       |       |     4 |     2 |     3 ||     9
         Ancestor Identity |       |       |     2 |       |       ||     2
         Ancestor Life: Ba |       |       |     1 |       |       ||     1
         Transference      |       |       |       |     1 |       ||     1
         Idealise          |       |       |       |       |     1 ||     1
  Evoke: Wand              |       |       |     5 |       |     2 ||     7
    Use: Scroll            |     2 |     5 |     2 |    24 |    14 ||    47
         Potion            |       |       |     1 |     2 |     7 ||    10
   Stab: Sleeping          |     5 |     6 |     3 |     1 |       ||    15
         Distracted        |       |       |     2 |     3 |     3 ||     8
         Confused          |       |       |     1 |     3 |     1 ||     5
 Armour: Robe              |    32 |    25 |    31 |    38 |       ||   126
         Leather armour    |       |    77 |    33 |       |       ||   110
         Steam dragon scal |       |       |       |    42 |   176 ||   218
  Dodge: Dodged            |    43 |   160 |    78 |    88 |   168 ||   537
  Block: Other             |       |       |       |       |    33 ||    33
         Reflection        |       |       |       |       |     2 ||     2

Table legend: (Time is in decaauts)
 A = Elapsed time spent in this place.
 B = Non-inter-level travel time spent in this place.
 C = Inter-level travel time spent in this place.
 D = Time resting spent in this place.
 E = Time spent auto-exploring this place.
 F = Levels seen in this place.
 G = Mean time per level.
                   A        B        C        D        E       F      G
               +--------+--------+--------+--------+--------+-----+--------+
         Total |  27336 |  26179 |   1157 |   9677 |   4504 |  21 | 1301.7 |
       Dungeon |  17066 |  16200 |    866 |   6443 |   3241 |  12 | 1422.2 |
        Temple |     78 |     78 |      0 |      0 |      0 |   1 |   78.0 |
          Lair |   8469 |   8178 |    291 |   2559 |   1192 |   5 | 1693.8 |
  Orcish Mines |   1207 |   1207 |      0 |    391 |     71 |   2 |  603.5 |
         Abyss |    514 |    514 |      0 |    284 |      0 |   1 |  514.0 |
               +--------+--------+--------+--------+--------+-----+--------+

Top non-repeatable levels by time:
  Lair:5: 2895 daAuts
     D:4: 2774 daAuts
  Lair:4: 2414 daAuts
     D:3: 1914 daAuts
     D:9: 1770 daAuts
     D:6: 1645 daAuts
     D:2: 1486 daAuts
    D:10: 1385 daAuts
  Lair:3: 1302 daAuts
     D:5: 1180 daAuts
     D:8: 1140 daAuts
    D:12: 1089 daAuts
     D:1: 1069 daAuts
  Lair:2: 978 daAuts
     D:7: 914 daAuts
